 Dungeon Crawl Stone Soup version 0.21.1-1-g345015fe64 (webtiles) character file.

28 Ivernyr the Charmwright (level 3, 24/28 HPs)
             Began as a Demonspawn Skald on Apr 27, 2018.
             Quit the game on level 1 of the Dungeon.
             The game lasted 00:01:35 (665 turns).

Ivernyr the Charmwright (Demonspawn Skald)           Turns: 665, Time: 00:01:36

Health: 24/28      AC:  4    Str: 11    XL:     3   Next: 0%
Magic:  6/6        EV: 12    Int: 14    God:
Gold:   43         SH:  0    Dex: 13    Spells: 1/6 levels left

rFire    . . .     SeeInvis .   a - +0 falchion
rCold    . . .     Gourm    .   (no shield)
rNeg     . . .     Faith    .   b - +0 leather armour
rPois    .         Spirit   +   (no helmet)
rElec    .         Reflect  .   (no cloak)
rCorr    .         Harm     .   i - +0 pair of gloves
MR       .....                  (no boots)
Stlth    +.........             e - amulet of rage
HPRegen  0.09/turn              (no ring)
MPRegen  0.10/turn              (no ring)

@: no status effects
A: talons 1, magic shield
a: Evoke Berserk Rage


You were on level 1 of the Dungeon.
You were not hungry.

You visited 1 branch of the dungeon, and saw 1 of its levels.

You collected 43 gold pieces.

Inventory:

Hand Weapons
 a - a +0 falchion (weapon)
Missiles
 g - 7 tomahawks (quivered)
Armour
 b - a +0 leather armour (worn)
 i - a +0 pair of gloves (worn)
Jewellery
 e - an amulet of rage (around neck)
Scrolls
 f - 2 scrolls of identify {unknown}
 h - a scroll of magic mapping {unknown}
Potions
 j - a potion of agility {unknown}
Books
 c - a book of Battle

   Spells                             Type                      Level
   a - Infusion                       Charms                       1
   b - Shroud of Golubria             Charms/Translocation         2
   c - Song of Slaying                Charms                       2
   d - Spectral Weapon                Hexes/Charms                 3
   e - Regeneration                   Charms/Necromancy            3
Comestibles
 d - 2 rations


   Skills:
 + Level 2.3 Fighting
 + Level 2.1 Long Blades
 * Level 1.8 Armour
 - Level 1.7 Dodging
 - Level 2.0 Spellcasting
 + Level 2.9 Charms


You had one spell level left.
You knew the following spells:

 Your Spells              Type           Power        Failure   Level  Hunger
a - Shroud of Golubria    Chrm/Tloc      #.........   26%         2    ###....
b - Song of Slaying       Chrm           #.......     14%         2    ###....
c - Infusion              Chrm           #...         10%         1    ##.....


Dungeon Overview and Level Annotations

Branches:
Dungeon (1/15)

Altars:


Innate Abilities, Weirdness & Mutations

You have sharp toenails.
When hurt, damage is shared between your health and your magic reserves.


Message History

The hobgoblin barely misses you.
You closely miss the hobgoblin.
You claw the hobgoblin, but do no damage.
The hobgoblin is moderately wounded.
The hobgoblin hits you with a club.
You hit the hobgoblin.
You kill the hobgoblin!
Things that are here:
a club; a hobgoblin corpse A kobold comes into view.
A kobold is nearby!
The kobold closely misses you.
You hit the kobold.
You kill the kobold!
You have reached level 3!
Your experience leads to an increase in your attributes!
Increase (S)trength, (I)ntelligence, or (D)exterity?
You feel agile.
Your demonic ancestry asserts itself...
You feel your magical essence form a protective shroud around your flesh.
Are you sure you want to abandon this character and quit the game? (Confirm with "yes".)

#(#
#..##..##..###
#†#######
#..##..##..#
.)......#
#....##..##..
........#
#....##..#
...# ........#
#.).......
##.# ........#
#)###..... .#
........#
#.##...##. #
.>......#
#.##.....
........# #@#
.... #+#######
#.# #.# ...
##.## #.# #.#
#.# #.#


There were no monsters in sight!

Vanquished Creatures
  A giant cockroach (D:1)
  4 goblins (D:1)
  8 hobgoblins (D:1)
  2 bats (D:1)
  A frilled lizard (D:1)
  5 kobolds (D:1)
  4 rats (D:1)
25 creatures vanquished.

Notes
Turn   | Place    | Note
-------+----------+-------------------------------------------
     0 | D:1      | Ivernyr the Demonspawn Skald began the quest for the Orb.
     0 | D:1      | Reached XP level 1. HP: 16/16 MP: 3/3
    11 | D:1      | Reached skill level 1 in Armour
   332 | D:1      | Gained mutation: You have sharp toenails. [demonic ancestry]
   332 | D:1      | Reached XP level 2. HP: 17/22 MP: 5/5
   553 | D:1      | Learned a level 2 spell: Song of Slaying
   556 | D:1      | Learned a level 2 spell: Shroud of Golubria
   664 | D:1      | Gained mutation: When hurt, damage is shared between your health and your magic reserves. [demonic ancestry]
   664 | D:1      | Reached XP level 3. HP: 24/28 MP: 6/6
   665 | D:1      | Quit the game

Skill      XL: |  1  2 |
---------------+-------+-----
Armour         | 1 |  1.8
Long Blades    | 2 |  2.1
Fighting       | |  2.3
Dodging        | |  1.7
Spellcasting   | |  2.0
Charms         | |  2.9

Action                   || total
-------------------------++-------
Melee: Falchion          ||    59
       Kick              ||     8
Armor: Leather armour    ||    21
Dodge: Dodged            ||    45
       Rpst.: Falchion   ||    16
